 Dungeon Crawl Stone Soup version 0.29.1-15-g9cfb28693d (webtiles) character file.

Game seed: 11227463685422657094

497 spammy the Covered (level 7, -3/54 HPs)
             Began as a Human Fighter on Mar 8, 2023.
             Was an Initiate of Gozag.
             Killed by divine providence
             ... invoked by an orc priest
              (13 damage)
             ... on level 5 of the Dungeon on Mar 16, 2023.
             The game lasted 00:30:38 (6219 turns).

spammy the Covered (Human Fighter)                  Turns: 6219, Time: 00:30:42

Health: -3/54      AC:  9    Str: 18    XL:     7   Next: 39%
Magic:  7/7        EV:  7    Int:  9    God:    Gozag
Gold:   177        SH:  4    Dex: 12    Spells: 6/6 levels left

rFire   . . .      SeeInvis .   f - +1 short sword (drain)
rCold   . . .      Faith    .   c - +0 buckler
rNeg    . . .      Spirit   .   m - +0 chain mail
rPois   .          Reflect  .   (no helmet)
rElec   .          Harm     .   (no cloak)
rCorr   .          Rampage  .   (no gloves)
Will    .....                   (no boots)
Stlth   ..........              (no amulet)
HPRegen 0.18/turn               (no ring)
MPRegen 0.10/turn               (no ring)

@: gold aura
A: no striking features
a: Renounce Religion, Potion Petition, Call Merchant, Bribe Branch


You were on level 5 of the Dungeon.
You worshipped Gozag.
Gozag was aware of your devotion.
You visited 2 branches of the dungeon, and saw 7 of its levels.

You collected 213 gold pieces.
You paid 36 gold pieces to Gozag.

Inventory:

Hand Weapons
 a - a +0 long sword
 f - a +1 short sword of draining (weapon)
 n - a +1 hand axe of freezing
Armour
 b - a +0 scale mail
 c - a +0 buckler (worn)
 m - a +0 chain mail (worn)
Jewellery
 e - a ring of protection from fire
Wands
 q - a wand of flame (29) (quivered)
Scrolls
 g - 3 scrolls of teleportation {unknown}
 h - 3 scrolls of vulnerability {unknown}
 j - 6 scrolls of identify {unknown}
 k - 2 scrolls of blinking {unknown}
 l - a scroll of enchant armour {unknown}
 r - a scroll of fear {unknown}
Potions
 d - a potion of might
 i - a potion of cancellation {unknown}
 o - a potion of brilliance {unknown}
 p - 2 potions of heal wounds {unknown}
 s - 2 potions of mutation {unknown}
 t - 2 potions of curing


   Skills:
 + Level 4.1 Fighting
 + Level 2.9(3.6) Short Blades
 + Level 3.3(3.9) Long Blades
 + Level 5.2 Armour
 + Level 1.0 Dodging
 + Level 0.5 Stealth
 + Level 3.7 Shields


You had 6 spell levels left.
You didn't know any spells.
Your spell library contained the following spells:

 Spells                   Type           Power      Damage    Failure   Level
 Gell's Gravitas          Tloc           0%         N/A       100%        3
 Lesser Beckoning         Tloc           0%         N/A       100%        3
 Teleport Other           Tloc           0%         N/A       100%        3
 Borgnjor's Revivificati  Necr           0%         N/A       100%        8
 Necromutation            Tmut/Necr      0%         N/A       100%        8
 Death's Door             Necr           0%         N/A       100%        9


Dungeon Overview and Level Annotations

Branches:
Dungeon (6/15)             Temple (1/1) D:4

Altars:
Ashenzari
Dithmenos
Fedhas
Gozag
Nemelex Xobeh
Ru
Trog
Uskayaw
Vehumet
Wu Jian
Xom
Yredelemnul
The Shining One

Annotations:
D:2 Natasha


Message History

The orc is heavily wounded.
The orc priest barely misses you. The orc barely misses you.
You hit the orc but do no damage.
The orc is heavily wounded.
The orc is no longer distracted by gold.
The orc priest barely misses you.
The orc is distracted by your dazzling golden aura.
You block the orc's attack.
The orc shouts!
You hit the orc but do no damage. You drain the orc.
The orc is severely wounded.
The orc priest hits you with a +0 mace. The orc hits you with a +0 dagger.
You barely miss the orc.
The orc is severely wounded.
The orc priest hits you with a +0 mace. The orc barely misses you.
You barely miss the orc.
The orc is severely wounded.
The orc priest closely misses you. The orc hits you with a +0 dagger.
You barely miss the orc.
The orc is severely wounded.
You hit the orc.
You kill the orc!
The orc is no longer distracted by gold.
The orc priest hits you with a +0 mace!
You closely miss the iguana. The orc hits you but does no damage.
You block the orc priest's attack. The iguana closely misses you.
You hit the iguana but do no damage. You drain the iguana.
The iguana is moderately wounded.
The iguana bites you but does no damage.
The orc barely misses you. The orc priest hits you with a +0 mace.
* * * LOW HITPOINT WARNING * * *
You hit the iguana but do no damage.
The iguana is moderately wounded.
The orc hits you with a +0 flail.
* * * LOW HITPOINT WARNING * * *
The iguana barely misses you.
The orc priest calls down the wrath of Beogh upon you.
Beogh smites you!
You die...
Your body crumbles into a pile of gold.

##.## #...# #...# '## #...# #
.... #...##.# ..... #.......
.....#######o..###########
...........o@...........>#
...........##l#.########.#
..............#.# #.#
...........####.########.####
................##...........
...........#######.#####.###.
...........................#.
...........#######.#####.#.#.
.....................#.#..
....#.


You could see an iguana (very drained), an orc priest and an orc.

Vanquished Creatures
  2 bullfrogs
  A necrophage (D:5)
  A scorpion (D:5)
  2 hounds
  An orc wizard (D:5)
  Robin (D:4)
  6 adders
  2 worms
  3 dart slugs
  8 orcs
  5 bats
  6 endoplasms
  2 giant cockroaches
  17 goblins
  6 hobgoblins
  2 jackals (D:1)
  4 quokkas
  8 ball pythons
  3 frilled lizards
  7 kobolds
  5 rats
92 creatures vanquished.

Vanquished Creatures (others)
  A hound (D:5)
1 creature vanquished.

Grand Total: 93 creatures vanquished

Notes
Turn   | Place    | Note
-------+----------+-------------------------------------------
     0 | D:1      | spammy the Human Fighter began the quest for the Orb.
     0 | D:1      | Reached XP level 1. HP: 18/18 MP: 1/1
   172 | D:1      | Reached XP level 2. HP: 14/24 MP: 2/2
   827 | D:2      | Noticed Natasha
   918 | D:2      | Reached XP level 3. HP: 29/29 MP: 3/3
  1699 | D:2      | Found a faded altar of an unknown god.
  1829 | D:2      | Reached XP level 4. HP: 21/35 MP: 4/4
  3472 | D:4      | Reached XP level 5. HP: 35/36 MP: 5/5
  3549 | D:4      | Noticed Robin
  3572 | D:4      | Reached skill level 4 in Armour
  3583 | D:4      | Killed Robin
  3928 | D:4      | Found a staircase to the Ecumenical Temple.
  3953 | Temple   | Entered the Ecumenical Temple
  4273 | Temple   | Became a worshipper of Gozag Ym Sagoz the Greedy
  4656 | D:5      | Entered Level 5 of the Dungeon
  4704 | D:5      | HP: 1/39 [poisoned by a scorpion]
  4705 | D:5      | Reached skill level 1 in Short Blades
  4705 | D:5      | Reached XP level 6. HP: 1/48 MP: 6/6
  5354 | D:5      | Reached skill level 5 in Armour
  5354 | D:5      | Reached XP level 7. HP: 31/54 MP: 7/7
  5517 | D:4      | Reached skill level 1 in Dodging
  6219 | D:5      | Killed from afar by an orc priest

Illustrated notes

Levels and vault maps discovered:
D:1:      minmay_arrival_three_doors, layout_basic, kennysheep_decorative_pillar
D:2:      layout_basic, basic_ecumenical_altar, st_stairs_11, uniq_natasha
D:3:      layout_loops_ring, uniq_grinder
D:4:      layout_basic, temple_fountains, uniq_robin
D:5:      layout_basic, lemuel_flamethrower_1
D:6:      cheibrodos_fertilizer, layout_basic, minmay_overflow_temple_hex,
          serial_shops, shop, nicolae_shop_hallway_plus, shop,
          nicolae_take_the_stairs, kennysheep_pointless_box, uniq_edmund,
          uniq_menkaure
Temple:   nicolae_temple_bog_church

Skill      XL: |  1  2  3  4  5  6  7 |
---------------+----------------------+-----
Long Blades    | 3 |  3.3
Armour         | 4 5 |  5.2
Short Blades   | 1 2 |  2.9
Fighting       | 4 |  4.1
Dodging        | 1 |  1.0
Stealth        | |  0.5
Shields        | |  3.7

Action                   |  1- 3 |  4- 6 |  7- 9 || total
-------------------------+-------+-------+-------++-------
Melee: Long sword        |   121 |    43 |       ||   164
       Short sword       |       |   171 |    44 ||   215
  Use: Potion            |       |     1 |       ||     1
Armor: Scale mail        |    66 |       |       ||    66
       Chain mail        |    14 |   105 |    20 ||   139
Dodge: Dodged            |    62 |    67 |    20 ||   149
Block: Buckler           |    22 |    52 |     7 ||    81
